3L
KINGSTON TOWNSHIP LEGION @ SEATTLE AVIATORS
07/27/2030
 
TOP OF THE 1ST
Kingston Township Legion batting - Pitching for Seattle Aviators : RHP José Muńóz
Pitching: RHP José Muńóz
Batting: RHB Ron Bernard 0-0: Ball
1-0: Called Strike
1-1: Ground out 5-3 (Groundball, 56S)
Batting: LHB António González 0-0: Ball
1-0: Ball
2-0: Called Strike
2-1: DOUBLE (Line Drive, 9D)
Batting: RHB EP Weston 0-0: Ball
António González steals 3rd base
1-0: Ball
2-0: Fly out, F7 (Flyball, 7LM)
Batting: RHB Clarence Neal 0-0: Ball
1-0: Called Strike
1-1: Foul Ball, location: 2F
1-2: Ball
2-2: Ball
3-2: Base on Balls
Batting: LHB Charles Mathes 0-0: Fly out, F9 (Flyball, 9S)
Top of the 1st over - 0 runs, 1 hit, 0 errors, 2 left on base; Kingston Township 0 - Seattle 0
BOTTOM OF THE 1ST
Seattle Aviators batting - Pitching for Kingston Township Legion : RHP Jon Briddon
Pitching: RHP Jon Briddon
Batting: SHB Juan Torres 0-0: Ball
1-0: Foul Ball, location: 2F
1-1: Foul Ball, location: 2F
1-2: Ball
2-2: Foul Ball, location: 2F
2-2: Foul Ball, location: 2F
2-2: Foul Ball, location: 2F
2-2: Strikes out swinging
Batting: LHB Ignacio Martínez 0-0: Ball
1-0: Ball
2-0: Foul Ball, location: 2F
2-1: Ball
3-1: Base on Balls
Batting: LHB Kenny Webster 0-0: Ball
Ignacio Martínez steals 2nd base
1-0: Called Strike
1-1: Foul Ball, location: 2F
1-2: Ball
2-2: Strikes out swinging
Batting: LHB Jorge Mojica 0-0: Ball
1-0: Fly out, F5 (Popup, 25F)
Bottom of the 1st over - 0 runs, 0 hits, 0 errors, 1 left on base; Kingston Township 0 - Seattle 0
TOP OF THE 2ND
Kingston Township Legion batting - Pitching for Seattle Aviators : RHP José Muńóz
Batting: RHB Dani Trejo 0-0: Ball
1-0: Ball
2-0: Called Strike
2-1: Swinging Strike
2-2: Ball
3-2: Foul Ball, location: 2F
3-2: Strikes out looking
Batting: RHB Júlio Rodríguez 0-0: Fly out, F9 (Flyball, 9S)
Batting: RHB Elia Amberezzio 0-0: Foul Ball, location: 2F
0-1: Ball
1-1: Called Strike
1-2: Strikes out swinging
Top of the 2nd over - 0 runs, 0 hits, 0 errors, 0 left on base; Kingston Township 0 - Seattle 0
BOTTOM OF THE 2ND
Seattle Aviators batting - Pitching for Kingston Township Legion : RHP Jon Briddon
Batting: LHB Dong-jin Kim 0-0: Called Strike
0-1: Ball
1-1: Ball
2-1: DOUBLE (Flyball, 89D)
Batting: RHB Seon-keun Kim 0-0: Swinging Strike
0-1: Swinging Strike
0-2: Strikes out swinging
Batting: LHB Pedro Corona 0-0: Ball
1-0: 2-RUN HOME RUN (Flyball, 89XD), Distance : 389 ft
Batting: SHB Nuygen Vuong 0-0: Called Strike
0-1: Fly out, F4 (Popup, 4MD)
Batting: LHB Jorge Ortíz 0-0: Ground out 4-3 (Groundball, 4M)
Bottom of the 2nd over - 2 runs, 2 hits, 0 errors, 0 left on base; Kingston Township 0 - Seattle 2
TOP OF THE 3RD
Kingston Township Legion batting - Pitching for Seattle Aviators : RHP José Muńóz
Batting: RHB José Icaza 0-0: Called Strike
0-1: Fly out, F8 (Flyball, 8LM)
Batting: RHB Ron Bernard 0-0: Called Strike
0-1: SINGLE (Groundball, 6MD)
Batting: LHB António González 0-0: Ball
1-0: Ball
2-0: Called Strike
2-1: Foul Ball, location: 2F
2-2: Foul Ball, location: 2F
2-2: Foul Ball, location: 2F
2-2: Foul Ball, location: 2F
2-2: Foul Ball, location: 2F
2-2: Foul Ball, location: 2F
2-2: Ball
3-2: Fly out, F5 (Popup, 5S)
Batting: RHB EP Weston 0-0: Ball
1-0: Ground out 5-3 (Groundball, 56S)
Top of the 3rd over - 0 runs, 1 hit, 0 errors, 1 left on base; Kingston Township 0 - Seattle 2
BOTTOM OF THE 3RD
Seattle Aviators batting - Pitching for Kingston Township Legion : RHP Jon Briddon
Batting: SHB Juan Torres 0-0: Ball
1-0: Ball
2-0: Ball
3-0: Base on Balls
Batting: LHB Ignacio Martínez 0-0: Foul Ball, location: 2F
0-1: Ball
1-1: Ball
2-1: Ball
3-1: Base on Balls
Juan Torres to second
Batting: LHB Kenny Webster 0-0: Called Strike
0-1: Swinging Strike
0-2: Ball
1-2: Ball
2-2: Ball
Wild Pitch!
Juan Torres to third
Ignacio Martínez to second
3-2: Foul Ball, location: 2F
3-2: Foul Ball, location: 2F
3-2: Ground out 4-3 (Groundball, 4)
Juan Torres scores
Ignacio Martínez to third
Batting: LHB Jorge Mojica 0-0: Ball
1-0: Ball
Wild Pitch!
Ignacio Martínez scores
2-0: Ball
3-0: Base on Balls
Batting: LHB Dong-jin Kim 0-0: Called Strike
0-1: SINGLE (Line Drive, 56D)
Jorge Mojica to second
Batting: RHB Seon-keun Kim 0-0: Ball
1-0: Called Strike
1-1: Ball
2-1: Called Strike
2-2: Ball
3-2: Foul Ball, location: 2F
3-2: Base on Balls
Jorge Mojica to third
Dong-jin Kim to second
Batting: LHB Pedro Corona 0-0: Ball
1-0: Swinging Strike
1-1: Called Strike
1-2: Ball
2-2: Strikes out looking
Batting: SHB Nuygen Vuong 0-0: Ball
1-0: Ball
2-0: Ball
3-0: Base on Balls
Jorge Mojica scores
Dong-jin Kim to third
Seon-keun Kim to second
Batting: LHB Jorge Ortíz 0-0: Ball
1-0: Ball
2-0: Foul Ball, location: 2F
2-1: Ball
3-1: Base on Balls
Dong-jin Kim scores
Seon-keun Kim to third
Nuygen Vuong to second
Batting: SHB Juan Torres 0-0: Ball
1-0: Ball
2-0: Called Strike
2-1: Reached on error, E6 (Groundball, 6)
Seon-keun Kim scores
Nuygen Vuong to third
Jorge Ortíz to second
Batting: LHB Ignacio Martínez 0-0: Called Strike
0-1: Ball
1-1: Foul Ball, location: 2F
1-2: Foul Ball, location: 2F
1-2: Ground out U3 (Groundball, 34)
Bottom of the 3rd over - 5 runs, 1 hit, 1 error, 3 left on base; Kingston Township 0 - Seattle 7
TOP OF THE 4TH
Kingston Township Legion batting - Pitching for Seattle Aviators : RHP José Muńóz
Batting: RHB Clarence Neal 0-0: Called Strike
0-1: Fly out, F5 (Line Drive, 5)
Batting: LHB Charles Mathes 0-0: Foul Ball, location: 2F
0-1: Foul Ball, location: 2F
0-2: Foul Ball, location: 2F
0-2: Foul Ball, location: 2F
0-2: Ball
1-2: Foul Ball, location: 2F
1-2: Foul Ball, location: 2F
1-2: Foul Ball, location: 2F
1-2: Ball
2-2: Ball
3-2: Ground out 1-3 (Groundball, 13S)
Batting: RHB Dani Trejo 0-0: Ball
1-0: Called Strike
1-1: Ball
2-1: Ball
3-1: Base on Balls
Batting: RHB Júlio Rodríguez 0-0: Ball
1-0: Ball
2-0: Ball
3-0: Foul Ball, location: 2F
3-1: Fielders Choice at 2nd, 6-4 (Groundball, 6)
Top of the 4th over - 0 runs, 0 hits, 0 errors, 1 left on base; Kingston Township 0 - Seattle 7
BOTTOM OF THE 4TH
Seattle Aviators batting - Pitching for Kingston Township Legion : RHP Jon Briddon
Batting: LHB Kenny Webster 0-0: Called Strike
0-1: Foul Ball, location: 2F
0-2: Fly out, F7 (Flyball, 78XD)
Batting: LHB Jorge Mojica 0-0: Foul Ball, location: 2F
0-1: Ball
1-1: Foul Ball, location: 2F
1-2: Ball
2-2: Ground out 4-3 (Groundball, 4)
Batting: LHB Dong-jin Kim 0-0: Ball
1-0: Called Strike
1-1: Called Strike
1-2: SINGLE (Line Drive, 89S)
Batting: RHB Seon-keun Kim 0-0: Fly out, F7 (Flyball, 7D)
Bottom of the 4th over - 0 runs, 1 hit, 0 errors, 1 left on base; Kingston Township 0 - Seattle 7
TOP OF THE 5TH
Kingston Township Legion batting - Pitching for Seattle Aviators : RHP José Muńóz
Batting: RHB Elia Amberezzio 0-0: Ball
1-0: Foul Ball, location: 2F
1-1: Called Strike
1-2: Foul Ball, location: 2F
1-2: Strikes out swinging
Batting: RHB José Icaza 0-0: Ball
1-0: Ball
2-0: Foul Ball, location: 2F
2-1: Fly out, F9 (Flyball, 9D)
Batting: RHB Ron Bernard 0-0: Swinging Strike
0-1: Called Strike
0-2: Strikes out swinging
Top of the 5th over - 0 runs, 0 hits, 0 errors, 0 left on base; Kingston Township 0 - Seattle 7
BOTTOM OF THE 5TH
Seattle Aviators batting - Pitching for Kingston Township Legion : RHP Jon Briddon
Batting: LHB Pedro Corona 0-0: Ground out 1-3 (Groundball, 15S)
Batting: SHB Nuygen Vuong 0-0: Called Strike
0-1: Ball
1-1: Called Strike
1-2: Foul Ball, location: 2F
1-2: Fly out, F9 (Flyball, 9LS)
Batting: LHB Jorge Ortíz 0-0: Ball
1-0: Ball
2-0: Ball
3-0: Base on Balls
Batting: SHB Juan Torres 0-0: Foul Ball, location: 2F
0-1: Ball
Jorge Ortíz steals 2nd base
1-1: SINGLE (Line Drive, 34D)
Jorge Ortíz to third
Runner from 3rd tries for Home, SAFE, throw made home
Juan Torres to second
Pitching: LHP Yusuke Chikafuji
Batting: LHB Ignacio Martínez 0-0: Ball
1-0: Called Strike
1-1: Foul Ball, location: 2F
1-2: Strikes out swinging
Bottom of the 5th over - 1 run, 1 hit, 0 errors, 1 left on base; Kingston Township 0 - Seattle 8
TOP OF THE 6TH
Kingston Township Legion batting - Pitching for Seattle Aviators : RHP José Muńóz
Batting: LHB António González 0-0: Ball
1-0: SINGLE (Line Drive, 89S)
Batting: RHB EP Weston 0-0: Called Strike
0-1: Fly out, F5 (Popup, 5SF)
Batting: RHB Clarence Neal 0-0: Ball
1-0: Grounds into double play, 4-6-3 (Groundball, 4)
Top of the 6th over - 0 runs, 1 hit, 0 errors, 0 left on base; Kingston Township 0 - Seattle 8
BOTTOM OF THE 6TH
Seattle Aviators batting - Pitching for Kingston Township Legion : LHP Yusuke Chikafuji
Batting: LHB Kenny Webster 0-0: Swinging Strike
0-1: Ball
1-1: Ball
2-1: Swinging Strike
2-2: Ground out 4-3 (Groundball, 4)
Batting: LHB Jorge Mojica 0-0: Ball
1-0: Ball
2-0: Called Strike
2-1: Foul Ball, location: 2F
2-2: Ball
3-2: Foul Ball, location: 2F
3-2: Base on Balls
Batting: LHB Dong-jin Kim 0-0: Foul Ball, location: 2F
0-1: Swinging Strike
0-2: Ball
1-2: Foul Ball, location: 2F
1-2: Ball
2-2: Ball
3-2: Base on Balls
Jorge Mojica to second
Batting: RHB Seon-keun Kim 0-0: Ball
1-0: Foul Ball, location: 2F
1-1: Ball
2-1: Fly out, F8 (Flyball, 8LM)
Batting: LHB Pedro Corona 0-0: Ball
1-0: Swinging Strike
1-1: Called Strike
1-2: Foul Ball, location: 2F
1-2: 3-RUN HOME RUN (Flyball, 9LD), Distance : 329 ft
Batting: SHB Nuygen Vuong 0-0: Ball
1-0: Foul Ball, location: 2F
1-1: Ball
2-1: Ball
3-1: Base on Balls
Batting: LHB Jorge Ortíz 0-0: Called Strike
0-1: Ball
1-1: Ball
2-1: Ball
3-1: Fly out, F9 (Flyball, 9D)
Bottom of the 6th over - 3 runs, 1 hit, 0 errors, 1 left on base; Kingston Township 0 - Seattle 11
TOP OF THE 7TH
Kingston Township Legion batting - Pitching for Seattle Aviators : RHP José Muńóz
Batting: LHB Charles Mathes 0-0: Foul Ball, location: 2F
0-1: Ground out 4-3 (Groundball, 4MS)
Batting: RHB Dani Trejo 0-0: Called Strike
0-1: Swinging Strike
0-2: Ball
1-2: Strikes out looking
Batting: RHB Júlio Rodríguez 0-0: Ball
1-0: Fly out, F8 (Flyball, 8RD)
Top of the 7th over - 0 runs, 0 hits, 0 errors, 0 left on base; Kingston Township 0 - Seattle 11
BOTTOM OF THE 7TH
Seattle Aviators batting - Pitching for Kingston Township Legion : LHP Yusuke Chikafuji
Batting: SHB Juan Torres 0-0: Hit by Pitch
Batting: LHB Ignacio Martínez 0-0: Foul Ball, location: 2F
0-1: Swinging Strike
0-2: Foul Ball, location: 2F
0-2: Ball
1-2: Strikes out swinging
Batting: LHB Kenny Webster 0-0: SINGLE (Groundball, 4S) (infield hit)
Juan Torres to second
Batting: LHB Jorge Mojica 0-0: Ball
1-0: Called Strike
1-1: Swinging Strike
1-2: Strikes out swinging
Batting: LHB Dong-jin Kim 0-0: Ball
1-0: Called Strike
1-1: Ball
2-1: Fielders Choice at 2nd, 6-4 (Groundball, 6)
Bottom of the 7th over - 0 runs, 1 hit, 0 errors, 2 left on base; Kingston Township 0 - Seattle 11
TOP OF THE 8TH
Kingston Township Legion batting - Pitching for Seattle Aviators : RHP José Muńóz
Batting: RHB Elia Amberezzio 0-0: Swinging Strike
0-1: Ball
1-1: Foul Ball, location: 2F
1-2: Ball
2-2: Foul Ball, location: 2F
2-2: Foul Ball, location: 2F
2-2: Strikes out looking
Batting: RHB José Icaza 0-0: Ball
1-0: Ball
2-0: Foul Ball, location: 2F
2-1: Foul Ball, location: 2F
2-2: Ground out 6-3 (Groundball, 6)
Batting: RHB Ron Bernard 0-0: Ball
1-0: Ball
2-0: Ground out 5-3 (Groundball, 56S)
Top of the 8th over - 0 runs, 0 hits, 0 errors, 0 left on base; Kingston Township 0 - Seattle 11
BOTTOM OF THE 8TH
Seattle Aviators batting - Pitching for Kingston Township Legion : LHP Yusuke Chikafuji
Batting: RHB Seon-keun Kim 0-0: Called Strike
0-1: Ball
1-1: Foul Ball, location: 2F
1-2: Ground out 5-3 (Groundball, 5)
Pinch Hitting: RHB Patrick Eggen 0-0: Foul Ball, location: 2F
0-1: Ball
1-1: Swinging Strike
1-2: Ground out U3 (Groundball, 3)
Batting: SHB Nuygen Vuong 0-0: Ground out 6-3 (Groundball, 6)
Bottom of the 8th over - 0 runs, 0 hits, 0 errors, 0 left on base; Kingston Township 0 - Seattle 11
TOP OF THE 9TH
Kingston Township Legion batting - Pitching for Seattle Aviators : RHP José Muńóz
Now at 3B: Patrick Eggen
Batting: LHB António González 0-0: Ball
1-0: Ball
2-0: Ball
3-0: Base on Balls
Batting: RHB EP Weston 0-0: Ball
1-0: Ball
2-0: Ball
3-0: Called Strike
3-1: Base on Balls
António González to second
Batting: RHB Clarence Neal 0-0: Ball
1-0: Swinging Strike
1-1: Swinging Strike
1-2: Foul Ball, location: 2F
1-2: Ball
2-2: Ball
3-2: Fly out, F7 (Flyball, 78D)
Batting: LHB Charles Mathes 0-0: Fly out, F9 (Line Drive, 89XD)
Runner from 2nd tags up, SAFE at 3rd, no throw
Batting: RHB Dani Trejo 0-0: Called Strike
0-1: Ball
1-1: SINGLE (Flyball, 7LS)
António González scores
EP Weston to second
Pitching: RHP Jeren Kendall
Batting: RHB Júlio Rodríguez 0-0: Ball
1-0: Called Strike
1-1: Ball
2-1: Ball
3-1: Called Strike
3-2: Fly out, F9 (Flyball, 9S)
Top of the 9th over - 1 run, 1 hit, 0 errors, 2 left on base; Kingston Township 1 - Seattle 11
Sunday, March 18th, 2018 - OOTP Baseball 18.8 Build 76